 Dungeon Crawl Stone Soup version 0.30.0-15-g856e2d3f33 (webtiles) character file.

Game seed: 13445552279849277425

15859 adizb the Protected (level 12, -1/121 (122) HPs)
             Began as an Armataur Fighter on May 20, 2023.
             Was a Believer of Ru.
             Slain by a two-headed ogre
             ... wielding a +0 giant club
              (11 damage)
             ... while paralysed by an ogre mage
             ... on level 2 of the Orcish Mines.
             The game lasted 00:48:38 (10584 turns).

adizb the Protected (Armataur Fighter)             Turns: 10584, Time: 00:48:38

HP:   -1/121 (122)  AC: 26    Str: 29    XL:     12   Next: 4%
MP:   13/13         EV:  1    Int:  9    God:    Ru [**....]
Gold: 1268          SH:  0    Dex:  9    Spells: 11/11 levels left

rFire   . . .        I - +3 flail
rCold   . . .        c - +0 buckler
rNeg    . . .        K - +0 plate armour
rPois   +            x - +0 helmet
rElec   .            p - +2 cloak
rCorr   .            w - +2 pair of gloves
SInv    .            (no barding)
Will    .....        (no amulet) Stlth
                     h - ring of poison resistance
HPRegen 0.40/turn    B - +4 ring of protection
MPRegen 0.13/turn

%: roll
@: paralysed, lightly drained
A: large, rugged brown scales 3, deformed body, no stealth, inability to train
dodging, armoured tail, roll, long tongue, awkward tongue, stinger 1, talons 1,
robust 1, strong 1
a: Renounce Religion


You were on level 2 of the Orcish Mines.
You worshipped Ru.
Ru was pleased with you.
You visited 2 branches of the dungeon, and saw 13 of its levels.
You also visited: Bailey.

You collected 1268 gold pieces.

Inventory:

Hand Weapons
 o - a +0 hammer of holy wrath
 D - a +0 heavy flail
 I - a +3 flail (weapon)
 J - a +0 broad axe
Missiles
 R - 2 throwing nets
Armour
 c - a +0 buckler (worn)
 p - a +2 cloak (worn)
 w - a +2 pair of gloves (worn)
 x - a +0 helmet (worn)
 A - a +0 chain mail
 K - a +0 plate armour (worn)
Jewellery
 a - a ring of wizardry
 h - a ring of poison resistance (left hand)
 B - a +4 ring of protection (right hand)
 G - a ring of positive energy
Wands
 k - a wand of charming (12)
 q - a wand of quicksilver (16) (quivered)
 r - a wand of roots (11)
 u - a wand of polymorph (1)
 O - a wand of flame (33)
Scrolls
 b - 3 scrolls of enchant armour
 e - 3 scrolls of magic mapping {unknown}
 l - 2 scrolls of blinking
 t - 2 scrolls of fear
 y - a scroll of fog {unknown}
 z - 2 scrolls of enchant weapon
 C - 2 scrolls of amnesia
 F - a scroll of poison
 Q - 2 scrolls of brand weapon {unknown}
Potions
 d - 3 potions of might
 f - 2 potions of curing
 g - 2 potions of attraction
 i - 2 potions of berserk rage {unknown}
 j - a potion of ambrosia {unknown}
 m - 2 potions of lignification {unknown}
 n - 2 potions of haste {unknown}
 s - 6 potions of brilliance
 v - 2 potions of invisibility
 E - 3 potions of heal wounds
 H - 2 potions of flight {unknown}
 L - a potion of mutation
 M - a potion of degeneration {unknown}
 N - 2 potions of resistance {unknown}


   Skills:
 * Level 9.5 Fighting
 + Level 7.8 Maces & Flails
 + Level 13.0 Armour
 + Level 12.1 Shields
 - Level 2.0 Invocations


You had 11 spell levels left.
You didn't know any spells.
Your spell library contained the following spells:

 Spells                   Type           Power      Damage    Failure   Level
 Magic Dart               Conj           0%         1d3       96%         1
 Call Imp                 Summ           0%         N/A       99%         2
 Searing Ray              Conj           0%         2d4       99%         2
 Mephitic Cloud           Conj/Pois/Air  0%         N/A       100%        3
 Ozocubu's Armour         Ice            0%         N/A       100%        3
 Tukima's Dance           Hex            0%         N/A       100%        3
 Fulminant Prism          Conj/Hex       0%         3d5       100%        4
 Passage of Golubria      Tloc           0%         N/A       100%        4
 Metabolic Englaciation   Hex/Ice        0%         N/A       100%        5
 Yara's Violent Unravell  Hex/Tmut       0%         3d3       100%        5
 Simulacrum               Ice/Necr       0%         N/A       100%        6


Dungeon Overview and Level Annotations

Branches:
Dungeon (11/15)            Temple (0/1) D:6             Orc (2/2) D:10
 Bailey (visited)
   Lair: D:8-11         Elf: Orc:2

Altars:
Cheibriados
Dithmenos
Hepliaklqana
Nemelex Xobeh
Okawaru
Ru
Sif Muna
Yredelemnul

Shops:
Orc:1 (

Annotations:
D:4 3 runed translucent doors, Sans23's ghost, amateur HuWn
D:9 testman's ghost, novice DsVM
Orc:2 1 transporter, AverageBear's ghost, journeyman MiBe


Innate Abilities, Weirdness & Mutations

You are completely covered in rugged brown scales. (AC +3, +7% HP)
Armour fits poorly on your strangely shaped body.
You cannot be stealthy.
You cannot train Dodging skill.
You have a long armoured tail.
You roll when moving toward enemies. (Rampage)
Your long tongue fully drains potion bottles. (2x potion effects)
Your tongue gives you trouble enunciating. (1.5x scroll delay)
Your tail ends in a venomous barb.
You have sharp toenails.
You are robust. (+10% HP)
Your muscles are strong. (Str +4, Int/Dex -1)


Message History

You claw the two-headed ogre, but do no damage.
The two-headed ogre is almost dead.
A two-headed ogre comes into view. It is wielding two +0 giant clubs.
The two-headed ogre hits you with a +0 giant club!
The two-headed ogre hits you with a +0 giant club.
The two-headed ogre hits you with a +0 giant club!
The two-headed ogre hits you with a +0 giant spiked club!
The two-headed ogre attacks as you move away!
The two-headed ogre hits you with a +0 giant club!!
The two-headed ogre hits you with a +0 giant club!
* * * LOW HITPOINT WARNING * * *
An ogre and a two-headed ogre come into view.
The two-headed ogre shouts in stereo!
The ogre shouts!
The two-headed ogre shouts in stereo!
You hear a shout!
The ogre barely misses you.
An ogre comes into view. It is wielding a +0 giant club.
You redirect the ogre mage's attack!
The ogre moves out of view.
The ogre shouts!
You sock the ogre! You claw the ogre, but do no damage.
The ogre is moderately wounded.
You hear two shouts!
You hear a shout!
An ogre comes into view. It is wielding a +0 giant club.
The ogre mage begins to cast a spell, but is stunned by your conviction!
You hear two shouts!
An ogre mage comes into view. It is wielding a +0 whip.
Blink to where?
Press: ? - help, Dir - move target As you slowly read the scroll of blinking, it crumbles to dust.
The ogre mage moves out of view.
The ogre mage casts a spell at you.
You suddenly lose the ability to move!
The two-headed ogre hits you with a +0 giant club!
* * * LOW HITPOINT WARNING * * *
The two-headed ogre hits you but does no damage.
A two-headed ogre comes into view.
It is wielding two +0 giant spiked clubs.
The two-headed ogre hits you with a +0 giant club!
* * * LOW HITPOINT WARNING * * *
The two-headed ogre hits you with a +0 giant club!
You die...

##.........§#....#
#.........O......#
#................#
#.........O.OO...#
#............O..O#
#....#.....O....O.O.
##..÷.......O.O...OO
#..)....OO....OO.#OOO
##.##....@..O....#..O
####............#
#.............
##............
##...........
##............
#.............#
##.............
##............


You could see 7 two-headed ogres, an ogre mage and 7 ogres.

Vanquished Creatures
  2 vault guards (Bailey)
  A boulder beetle (D:11)
  2 two-headed ogres
  The ghost of Dinohead20 the Firebug, a novice DrFE of Qazlal (D:7)
  An ugly thing (D:11)
  Joseph (D:8)
  Maurice (D:8)
  Psyche (D:8)
  3 trolls
  Sigmund (D:2)
  2 slime creatures (D:9)
  15 yaks
  A vampire (D:10)
  A human (Bailey)
  3 vampire mosquitoes (D:10)
  An acid dragon (D:10)
  2 wargs (Orc:1)
  A water moccasin (D:6)
  2 black bears
  A sky beast (D:6)
  10 orc warriors
  10 ogres
  4 centaurs
  A phantom (D:5)
  A kobold brigand (D:6)
  Blork the orc (D:6)
  15 bullfrogs
  3 gnoll sergeants
  2 scorpions
  13 wights
  8 killer bees
  A howler monkey (D:9)
  2 hounds
  2 jellies
  5 gnoll boudas (D:8)
  9 orc priests
  Crazy Yiuf (D:2)
  5 iguanas
  2 sleepcaps
  A scorpion zombie (D:3)
  12 orc wizards
  Robin (D:2)
  31 gnolls
  6 adders
  A shadow imp (D:6)
  3 dart slugs
  42 orcs
  6 ball pythons
  8 endoplasms
  2 giant cockroaches (D:4)
  26 goblins
  12 hobgoblins
  8 jackals
  10 kobolds
  4 quokkas
  A ball python zombie (D:3)
  8 bats
  6 frilled lizards
  6 rats
332 creatures vanquished.

Vanquished Creatures (others)
  An orc sorcerer (Orc:2)
  Prince Ribbit (Bailey)
  An orc warrior (Orc:1)
3 creatures vanquished.

Grand Total: 335 creatures vanquished

Notes
Turn   | Place    | Note
-------+----------+-------------------------------------------
     0 | D:1      | adizb the Armataur Fighter began the quest for the Orb.
     0 | D:1      | Reached XP level 1. HP: 19/19 MP: 1/1
     2 | D:1      | Noticed an ogre
     2 | D:1      | Noticed a meteoran
     4 | D:1      | Noticed an armataur
     6 | D:1      | Noticed a vampire
     8 | D:1      | Noticed a demigod
     8 | D:1      | Noticed a gargoyle
    10 | D:1      | Noticed a formicid
    10 | D:1      | Noticed a draconian
    12 | D:1      | Noticed a human
    12 | D:1      | Noticed a tengu
    14 | D:1      | Noticed a minotaur
    14 | D:1      | Noticed a felid
    16 | D:1      | Noticed an elf
    18 | D:1      | Noticed a ghoul
    18 | D:1      | Noticed a demonspawn
    20 | D:1      | Noticed a spriggan
    20 | D:1      | Noticed an octopode
    22 | D:1      | Noticed a merfolk
    22 | D:1      | Noticed a troll
    24 | D:1      | Noticed a meteoran
    24 | D:1      | Noticed a vine stalker
    26 | D:1      | Noticed a gargoyle
    26 | D:1      | Noticed a tengu
    56 | D:1      | Reached XP level 2. HP: 16/26 MP: 2/2
   234 | D:1      | Reached skill level 4 in Armour
   248 | D:1      | Found a faded altar of an unknown god.
   346 | D:1      | Reached XP level 3. HP: 30/33 MP: 3/3
   585 | D:2      | You fall into a shaft and drop 2 floors!
   704 | D:3      | Found a basalt altar of Yredelemnul.
   710 | D:3      | Reached XP level 4. HP: 36/40 MP: 4/4
   933 | D:2      | Found a runed translucent door.
   934 | D:2      | Noticed Crazy Yiuf
   940 | D:2      | Killed Crazy Yiuf
   970 | D:2      | Noticed Sigmund
   978 | D:2      | Killed Sigmund
   979 | D:2      | Reached skill level 5 in Armour
   979 | D:2      | Reached skill level 5 in Shields
   979 | D:2      | Reached XP level 5. HP: 18/48 MP: 5/5
   979 | D:2      | Reached XP level 6. HP: 20/54 MP: 6/6
  1097 | D:2      | Noticed Robin
  1105 | D:2      | Killed Robin
  1775 | D:3      | Found a snail-covered altar of Cheibriados.
  2125 | D:4      | Found a sacrificial altar of Ru.
  2133 | D:4      | Became a worshipper of Ru the Awakened
  2168 | D:4      | Found a runed translucent gate.
  2168 | D:4      | Found a runed translucent gate.
  2169 | D:4      | Found a runed translucent gate.
  2170 | D:4      | Noticed Sans23's ghost (amateur HuWn)
  2241 | D:4      | Reached skill level 6 in Armour
  2251 | D:4      | Found a shadowy altar of Dithmenos.
  2296 | D:4      | Reached skill level 1 in Invocations
  2296 | D:4      | Reached XP level 7. HP: 50/62 MP: 7/7
  2835 | D:5      | Entered Level 5 of the Dungeon
  2951 | D:5      | Found an iron altar of Okawaru.
  2954 | D:5      | Reached skill level 7 in Armour
  3040 | D:5      | Reached XP level 8. HP: 53/71 MP: 9/9
  3155 | D:5      | Gained mutation: You cannot train Dodging skill. [Ru
                  | sacrifice]
  3155 | D:5      | Reached * piety under Ru
  3606 | D:6      | Reached skill level 8 in Armour
  3882 | D:6      | Found a staircase to the Ecumenical Temple.
  4111 | D:6      | Noticed Blork the orc
  4128 | D:6      | Killed Blork the orc
  4260 | D:6      | Found a shimmering blue altar of Sif Muna.
  4300 | D:6      | Reached skill level 5 in Fighting
  4698 | D:7      | Found a large runed translucent door.
  4699 | D:7      | Found a large runed translucent door.
  4700 | D:7      | Noticed Dinohead20's ghost (novice DrFE)
  4940 | D:7      | Reached XP level 9. HP: 69/79 MP: 10/10
  4992 | D:7      | Reached skill level 9 in Armour
  5148 | D:7      | Gained mutation: You have very sharp teeth. [potion of
                  | mutation]
  5148 | D:7      | Gained mutation: You are weak. (Str -2) [potion of
                  | mutation]
  5148 | D:7      | Gained mutation: Your flesh is heat resistant. (rF+)
                  | [potion of mutation]
  5148 | D:7      | Gained mutation: You have sharp toenails. [potion of
                  | mutation]
  5148 | D:7      | Gained mutation: You passively map a small area around you.
                  | [potion of mutation]
  5148 | D:7      | Gained mutation: Your system is resistant to poisons.
                  | (rPois) [potion of mutation]
  5148 | D:7      | Gained mutation: You have razor-sharp toenails. [potion of
                  | mutation]
  5207 | D:7      | Lost mutation: You are weak. (Str -2) [potion of mutation]
  5207 | D:7      | Lost mutation: Your system is resistant to poisons. (rPois)
                  | [potion of mutation]
  5207 | D:7      | Lost mutation: You passively map a small area around you.
                  | [potion of mutation]
  5207 | D:7      | Lost mutation: You have very sharp teeth. [potion of
                  | mutation]
  5207 | D:7      | Lost mutation: Your flesh is heat resistant. (rF+) [potion
                  | of mutation]
  5207 | D:7      | Lost mutation: You have razor-sharp toenails. [potion of
                  | mutation]
  5207 | D:7      | Gained mutation: You are robust. (+10% HP) [potion of
                  | mutation]
  5207 | D:7      | Gained mutation: Your muscles are strong. (Str +4, Int/Dex
                  | -1) [potion of mutation]
  5207 | D:7      | Gained mutation: Your tail ends in a venomous barb. [potion
                  | of mutation]
  5274 | D:7      | Found a faded altar of an unknown god.
  5274 | D:7      | Found a hazy altar of Hepliaklqana.
  5276 | D:7      | Found a faded altar of an unknown god.
  5395 | D:7      | Killed Dinohead20's ghost
  5474 | D:8      | Reached skill level 5 in Maces & Flails
  5486 | D:8      | Found a flagged portal.
  5560 | D:8      | Noticed Psyche
  5563 | Bailey   | Entered a bailey
  5706 | Bailey   | Reached skill level 10 in Armour
  5871 | Bailey   | Noticed a vault guard
  5891 | Bailey   | Killed a vault guard
  5892 | Bailey   | Reached XP level 10. HP: 37/97 MP: 11/11
  6056 | Bailey   | Noticed a vault guard
  6056 | Bailey   | Noticed Prince Ribbit
  6065 | Bailey   | Your ally Prince Ribbit died
  6076 | Bailey   | Killed a vault guard
  6077 | Bailey   | Reached skill level 11 in Armour
  6077 | Bailey   | Reached skill level 10 in Shields
  6277 | D:8      | Killed Psyche
  6290 | D:8      | Noticed Maurice
  6295 | D:8      | Noticed a two-headed ogre
  6315 | D:8      | Identified the staff of fire "Cav Sem" {rF+ Will+ Dex+4}
  6316 | D:8      | Killed a two-headed ogre
  6717 | D:8      | Killed Maurice
  6797 | D:8      | Noticed Joseph
  6807 | D:8      | Killed Joseph
  7208 | D:8      | Reached XP level 11. HP: 39/107 MP: 12/12
  7589 | D:8      | Reached skill level 12 in Armour
  8394 | D:9      | Found a transporter.
  8394 | D:9      | Noticed testman's ghost (novice DsVM)
  8434 | D:9      | Found a transporter.
  8931 | D:10     | Entered Level 10 of the Dungeon
  8954 | D:10     | Found a staircase to the Orcish Mines.
  9273 | D:10     | Found a sparkling altar of Nemelex Xobeh.
  9333 | D:10     | Noticed a two-headed ogre
  9339 | D:10     | Killed a two-headed ogre
  9427 | D:10     | Gained mutation: You cannot be stealthy. [Ru sacrifice]
  9427 | D:10     | Reached ** piety under Ru
  9718 | D:11     | Noticed a purple ugly thing
  9737 | D:11     | Killed a purple ugly thing
  9740 | D:11     | Noticed a boulder beetle
  9759 | D:11     | Killed a boulder beetle
  9838 | Orc:1    | Entered Level 1 of the Orcish Mines
  9942 | Orc:1    | Found Relair's Antique Weapon Shop.
 10218 | Orc:1    | Reached skill level 13 in Armour
 10255 | Orc:2    | Entered Level 2 of the Orcish Mines
 10255 | Orc:2    | Noticed AverageBear's ghost (journeyman MiBe)
 10255 | Orc:2    | Found a transporter.
 10319 | Orc:2    | Noticed an orc sorcerer
 10325 | Orc:2    | Paralysed by an orc sorcerer for 4 turns
 10328 | Orc:2    | Killed an orc sorcerer
 10329 | Orc:2    | Reached XP level 12. HP: 40/120 MP: 13/13
 10560 | Orc:2    | Noticed a two-headed ogre
 10561 | Orc:2    | Noticed a two-headed ogre
 10561 | Orc:2    | Noticed a two-headed ogre
 10571 | Orc:2    | Noticed a two-headed ogre
 10574 | Orc:2    | Noticed an ogre mage
 10577 | Orc:2    | Noticed a two-headed ogre
 10578 | Orc:2    | Noticed a two-headed ogre
 10580 | Orc:2    | Noticed an ogre mage
 10581 | Orc:2    | Paralysed by an ogre mage for 5 turns
 10583 | Orc:2    | Noticed a two-headed ogre
 10584 | Orc:2    | Slain by a two-headed ogre

Illustrated notes

Levels and vault maps discovered:
D:1:      kb_arrival_jail, layout_rooms, chequers_ecumenical_altar_island,
          st_stairs_9, nrook_uturn, serial_bayou_lagoon_a
D:2:      kennysheep_the_goblin_king, layout_loops_ring, uniq_sigmund,
          uniq_robin, uniq_crazy_yiuf_cottage
D:3:      layout_loops_cross, mainiacjoe_overflow_six_doors_small,
          lemuel_zombie_altar_yredelemnul
D:4:      layout_cave_pools, lemuel_coloured_pillars_altar,
          nicolae_dithmenos_through_a_glass_darkly,
          gammafunk_ghost_nasty_kobolds, roderic_lattice_a
D:5:      layout_rooms, okawaru_ov_weapons_minmay, nicolae_eternal_life
D:6:      layout_layer_cave, lemuel_blue_sif_altar,
          minmay_temple_entry_junction_2, uniq_blork_the_orc
D:7:      layout_basic, nicolae_hepliaklqana_ecumenical_no_more,
          ebering_ghost_disaster_area, nicolae_water_bricks,
          kennysheep_small_spiral
D:8:      kennysheep_seaside_town, layout_rooms, erik_lair_dragon,
          enter_bailey_5, minmay_checkerbox, uniq_psyche, uniq_joseph,
          uniq_maurice
D:9:      layout_roguey, gammafunk_ghost_arena
D:10:     layout_loops_corners, mainiacjoe_overflow_24_doors, orc_0_dummy
D:11:     layout_rooms, hangedman_abyss_or_decor_stabs, uniq_gastronok
Orc:1:    layout_caves, serial_shops, nicolae_shop_trees
Orc:2:    st_orc_ogre_mass, layout_caves, basic_altar,
          gammafunk_ghost_berserking_beasts, uniq_donald, uniq_azrael

Skill      XL: |  1  2  3  4  5  6  7  8  9 10 11 |
---------------+----------------------------------+-----
Maces & Flails | 2 3 4 5 6 7 |  7.8
Armour         | 4 5 6 7 8 10 11 13 | 13.0
Fighting       | 3 4 5 6 7 9 |  9.5
Shields        | 4 5 6 8 9 11 12 | 12.1
Invocations    | 1 2 |  2.0

Action                     |  1- 3 |  4- 6 |  7- 9 | 10-12 || total
---------------------------+-------+-------+-------+-------++-------
  Melee: Flail             |    95 |   173 |   347 |   607 ||  1222
         Tailslap          |     9 |    19 |    52 |    93 ||   173
         Kick              |       |       |    30 |   208 ||   238
         Mace              |       |       |    15 |       ||    15
 Invoke: Sacrifice Nimblen |       |       |     1 |       ||     1
         Sacrifice Stealth |       |       |       |     1 ||     1
  Evoke: Wand              |       |       |     6 |     2 ||     8
    Use: Scroll            |       |       |     7 |    13 ||    20
         Potion            |       |       |     3 |       ||     3
   Stab: Distracted        |       |       |       |     1 ||     1
 Armour: Scale mail        |    71 |   143 |     1 |       ||   215
         Chain mail        |       |       |   299 |       ||   299
         Plate armour      |       |       |       |   441 ||   441
  Dodge: Dodged            |    40 |    49 |   126 |   160 ||   375
  Block: Buckler           |    20 |    53 |   110 |   190 ||   373
